 Dungeon Crawl Stone Soup version 0.31.0-9-g3a7656b989 (webtiles) character file.

Game seed: 10622986423451184448

3795 Ijustatesigmund the Geomancer (level 10, -4/55 HPs)
             Began as a Gargoyle Earth Elementalist on Jan 24, 2024.
             Was a Believer of Vehumet.
             Slain by a titan skeleton (17 damage)
             ... on level 1 of the Abyss.
             The game lasted 00:17:35 (7950 turns).

Ijustatesigmund the Geomancer (GrEE)                Turns: 7950, Time: 00:17:37

Health: -4/55      AC: 12    Str: 13    XL:     10   Next: 16%
Magic:  11/21      EV: 16    Int: 19    God:    Vehumet [**....]
Gold:   412        SH:  0    Dex: 10    Spells: 17/24 levels left

rFire   . . .        f - +6 club
rCold   . . .        (no shield)
rNeg    + . .        a - +0 robe
rPois   ∞            d - +1 helmet
rElec   +            (no cloak)
rCorr   .            p - +0 pair of gloves
SInv    .            (no boots)
Will    +....        r - amulet of magic regeneration
Stlth   ++           e - ring of willpower
HPRegen 0.29/turn    z - +5 ring of evasion
MPRegen 0.57/turn

%: no passive effects
@: studying Armour
A: sickness immunity, AC +7, negative energy resistance 1, electricity
resistance, torment resistance 1, petrification resistance
a: Renounce Religion


You were on level 1 of the Abyss.
You worshipped Vehumet.
Vehumet was pleased with you.
You visited 2 branches of the dungeon, and saw 9 of its levels.
You visited the Abyss 1 time.
You also visited: Ossuary.

You collected 412 gold pieces.

Inventory:

Hand Weapons
 c - a +1 mace of venom
 f - a +6 club (weapon)
 i - the +7 dagger of Autumn {freeze, ^Drain rC+ Str+3 Int+5}
   (You found it on level 2 of the Dungeon)

   Str+3:     It affects your strength (+3).
   Int+5:     It affects your intelligence (+5).
   rC+:       It protects you from cold.
   ^Drain:    It drains your maximum health when unequipped.
Armour
 a - a +0 robe (worn)
 d - a +1 helmet (worn)
 p - a +0 pair of gloves (worn)
Jewellery
 e - a ring of willpower (left hand)
 r - an amulet of magic regeneration (around neck)
 w - a ring of positive energy
 y - a ring of positive energy
 z - a +5 ring of evasion (right hand)
Wands
 B - a wand of digging (6)
Scrolls
 m - a scroll of brand weapon
 n - 3 scrolls of blinking
 o - 2 scrolls of poison
 q - 4 scrolls of enchant weapon
 v - a scroll of fog
 x - 2 scrolls of teleportation
 A - 3 scrolls of immolation {unknown}
 C - a scroll of amnesia {unknown}
Potions
 b - a potion of magic
 g - 2 potions of attraction {unknown}
 h - 3 potions of mutation {unknown}
 j - a potion of might {unknown}
 k - 3 potions of heal wounds {unknown}
 l - 7 potions of curing
 s - a potion of resistance {unknown}
 t - a potion of lignification {unknown}
 u - a potion of degeneration {unknown}


   Skills:
 - Level 2.8 Fighting
 - Level 1.1 Maces & Flails
 - Level 1.5 Dodging
 - Level 2.1 Stealth
 + Level 7.7 Spellcasting
 + Level 8.7 Conjurations
 + Level 10.3 Earth Magic


You had 17 spell levels left.
You knew the following spells:

 Your Spells              Type           Power      Damage    Failure   Level
a - Sandblast             Erth           92%        2d19      1%          1
b - Stone Arrow           Conj/Erth      86%        3d12      1%          3
c - Passwall              Erth           46%        N/A       1%          3

Your spell library contained the following spells:

 Spells                   Type           Power      Damage    Failure   Level
 Searing Ray              Conj           80%        2d7       1%          2
 Brom's Barrelling Bould  Conj/Erth      43%        2d6       1%          4
 Hailstorm                Conj/Ice       24%        3d7       4%          3
 Petrify                  Alch/Erth      27%        N/A       11%         4
 Summon Ice Beast         Ice/Summ       7%         N/A       28%         3
 Freezing Cloud           Conj/Ice/Air   9%         6-21      61%         5
 Ignite Poison            Fire/Alch      7%         N/A       67%         4
 Olgreb's Toxic Radiance  Alch           7%         N/A       67%         4
 Sculpt Simulacrum        Ice/Alch       3%         N/A       100%        6
 Ozocubu's Refrigeration  Ice            3%         4d8       100%        7
 Discord                  Hex            3%         N/A       100%        8
 Cigotuvi's Dreadful Rot  Necr/Alch/Air  Unusable   N/A       N/A         2

Dungeon Overview and Level Annotations

Branches:
Dungeon (8/15)             Temple (1/1) D:4         Ossuary (visited)
   Lair: D:8-11

Altars:
Ashenzari
Cheibriados
Dithmenos
Elyvilon
Fedhas
Gozag
Hepliaklqana
Kikubaaqudgha
Makhleb
Nemelex Xobeh
Okawaru
Qazlal
Ru
Sif Muna
Trog
Uskayaw
Vehumet
Wu Jian
Xom
Yredelemnul
Zin
The Shining One

Shops:
D:2 (

Annotations:
D:3 Sigmund


Innate Abilities, Weirdness & Mutations

You are immune to sickness and miasma.
Your stone body is resilient. (AC +7)
You are immune to poison.
You resist negative energy. (rN+)
You are resistant to electric shocks. (rElec)
You are resistant to unholy torment.
You are immune to petrification.


Message History

Aim: a titan skeleton (moderately damaged, 100% to hit)
The stone arrow hits the titan skeleton!!
The titan skeleton is heavily damaged.
The starcursed mass shrieks in your mind.
Casting: Stone Arrow (safe; 1% risk of failure)
Confirm with . or Enter, or press ? or * to list all spells.
Aiming: Stone Arrow (safe; 1% risk of failure)
Press: ? - help, Shift-Dir - straight line, f/p - titan skeleton
Aim: a titan skeleton (heavily damaged, 100% to hit)
The stone arrow hits the titan skeleton!!
The titan skeleton is heavily damaged.
The starcursed mass shrieks in your mind.
The titan skeleton hits you!!
Casting: Stone Arrow (safe; 1% risk of failure)
Confirm with . or Enter, or press ? or * to list all spells.
Aiming: Stone Arrow (safe; 1% risk of failure)
Press: ? - help, Shift-Dir - straight line, f/p - titan skeleton
Aim: a titan skeleton (heavily damaged, 100% to hit)
The stone arrow hits the titan skeleton!!
The titan skeleton is severely damaged.
The starcursed mass shrieks in your mind.
Unknown command.
Casting: Stone Arrow (safe; 1% risk of failure)
Confirm with . or Enter, or press ? or * to list all spells.
Aiming: Stone Arrow (safe; 1% risk of failure)
Press: ? - help, Shift-Dir - straight line, f/p - titan skeleton
Aim: a titan skeleton (severely damaged, 100% to hit)
The stone arrow hits the titan skeleton!
The titan skeleton is almost destroyed.
The titan skeleton hits you.
* * * LOW HITPOINT WARNING * * *
Casting: Stone Arrow (safe; 1% risk of failure)
Confirm with . or Enter, or press ? or * to list all spells.
Aiming: Sandblast (safe; 1% risk of failure)
Press: ? - help, Shift-Dir - straight line, f/p - titan skeleton
Aim: a titan skeleton (almost destroyed, 100% to hit)
The blast of sand hits the titan skeleton!!
The titan skeleton is almost destroyed.
The titan skeleton hits you!
You die...

###
..##
#.. ...
##
#.##.
#..#
#@# #Z#
..#
#X...
#..#.##
...#...
##..
.## ##
#


You could see a starcursed mass and a titan skeleton.

Vanquished Creatures
  A kobold demonologist (D:6)
  2 wyverns (D:7)
  Menkaure (D:6)
  A water moccasin (D:7)
  2 orc warriors
  A sky beast (D:7)
  6 ice beasts
  A black bear (D:6)
  2 ogres
  2 phantoms
  A bullfrog (D:7)
  2 kobold brigands
  4 scorpions (Ossuary)
  4 wights (D:6)
  A killer bee (D:7)
  3 howler monkeys
  2 bombardier beetles
  4 hounds
  A centaur zombie (Ossuary)
  3 jellies
  2 human zombies (Ossuary)
  5 orc priests
  An iguana (D:4)
  3 orc wizards
  6 scorpion zombies (Ossuary)
  3 mummies (Ossuary)
  Robin (D:4)
  6 adders
  A white imp (D:7)
  4 dart slugs
  15 orcs
  8 ball pythons
  8 endoplasms
  3 giant cockroaches
  12 goblins
  11 hobgoblins
  6 jackals
  14 kobolds
  4 quokkas
  7 bats
  4 frilled lizards
  2 gnoll zombies (Ossuary)
  An orc zombie (Ossuary)
  5 rats
176 creatures vanquished.

Notes
Turn   | Place    | Note
-------+----------+-------------------------------------------
     0 | D:1      | Ijustatesigmund the Gargoyle Earth Elementalist began the
                  | quest for the Orb.
     0 | D:1      | Reached XP level 1. HP: 10/10 MP: 3/3
   145 | D:1      | Reached XP level 2. HP: 12/16 MP: 0/5
   241 | D:1      | Reached skill level 1 in Fighting
   265 | D:1      | Reached skill level 4 in Earth Magic
   552 | D:1      | Reached XP level 3. HP: 20/20 MP: 4/6
   556 | D:1      | Learned a level 3 spell: Stone Arrow
  1124 | D:2      | Found Yrisinli's Weapon Boutique.
  1227 | D:2      | Identified the +7 dagger of Autumn {freeze, ^Drain rC+
                  | Str+3 Int+5}
  1806 | D:3      | Reached XP level 4. HP: 25/25 MP: 4/7
  2152 | D:3      | Noticed Sigmund
  2281 | D:4      | Found a sand-covered staircase.
  2290 | Ossuary  | Entered an ossuary
  2314 | Ossuary  | Reached skill level 1 in Maces & Flails
  2459 | Ossuary  | Noticed a scorpion
  2471 | Ossuary  | Killed a scorpion
  2472 | Ossuary  | Reached XP level 5. HP: 21/30 MP: 1/9
  2765 | Ossuary  | Reached skill level 5 in Earth Magic
  2917 | Ossuary  | Reached XP level 6. HP: 18/36 MP: 6/10
  3221 | Ossuary  | Reached XP level 7. HP: 40/40 MP: 1/12
  3557 | Ossuary  | Reached skill level 6 in Earth Magic
  4131 | D:4      | Noticed Robin
  4141 | D:4      | Killed Robin
  4292 | D:4      | Found a staircase to the Ecumenical Temple.
  4307 | Temple   | Entered the Ecumenical Temple
  4313 | Temple   | Reached XP level 8. HP: 36/45 MP: 0/15
  4466 | Temple   | Became a worshipper of Vehumet
  4494 | D:4      | Reached skill level 5 in Conjurations
  4763 | D:4      | Reached skill level 7 in Earth Magic
  4770 | D:4      | Reached skill level 5 in Spellcasting
  5089 | D:5      | Entered Level 5 of the Dungeon
  5278 | D:5      | Reached * piety under Vehumet
  5278 | D:5      | Offered knowledge of Sting by Vehumet.
  5623 | D:6      | Noticed Menkaure
  5627 | D:6      | Killed Menkaure
  5709 | D:6      | Reached skill level 8 in Earth Magic
  5743 | D:6      | Reached XP level 9. HP: 40/49 MP: 5/18
  6020 | D:6      | Found a shimmering blue altar of Sif Muna.
  6246 | D:6      | Noticed a kobold demonologist
  6250 | D:6      | Noticed a smoke demon
  6250 | D:6      | Killed a kobold demonologist
  6251 | D:6      | Reached skill level 9 in Earth Magic
  6896 | D:7      | Reached ** piety under Vehumet
  6896 | D:7      | Offered knowledge of Searing Ray by Vehumet.
  7032 | D:7      | Reached skill level 10 in Earth Magic
  7032 | D:7      | Reached XP level 10. HP: 50/55 MP: 7/21
  7867 | Abyss:1  | Cast into level 1 of the Abyss (orc)
  7897 | Abyss:1  | Noticed a starcursed mass
  7899 | Abyss:1  | Noticed a shining eye
  7943 | Abyss:1  | Learned a level 3 spell: Passwall
  7950 | Abyss:1  | Slain by a titan skeleton

Illustrated notes

Levels and vault maps discovered:
D:1:      grunt_arrival_crossed_arrows, layout_loops_ring
D:2:      layout_loops_ring, serial_shops, nicolae_shop_trees
D:3:      layout_basic, minmay_misc_feat_iff, uniq_sigmund
D:4:      cheibrodos_barr_body, layout_gridville,
          minmay_temple_entry_proselytizer,
          lightli_ossuary_entry_decrepit_ruins, roderic_cross_of_infinity,
          uniq_robin
D:5:      layout_basic, hangedman_decor_riveting
D:6:      layout_gridville, mainiacjoe_overflow_boulevard, minmay_manual_mail,
          uniq_menkaure
D:7:      layout_gridville, minmay_checkerbox
D:8:      layout_loops_cross, dpeg_oklobed_lair, serial_shops, shop
Temple:   nicolae_temple_the_god_donut
Abyss:1:  base: D:5, hangedman_abyss_feature_spike

Skill      XL: |  1  2  3  4  5  6  7  8  9 |
---------------+----------------------------+-----
Fighting       | 1 2 |  2.8
Earth Magic    | 4 5 6 8 10 | 10.3
Maces & Flails | 1 |  1.1
Conjurations   | 2 3 4 6 8 |  8.7
Spellcasting   | 3 4 6 7 |  7.7
Dodging        | |  1.5
Stealth        | |  2.1

Action                     |  1- 3 |  4- 6 |  7- 9 | 10-12 || total
---------------------------+-------+-------+-------+-------++-------
  Melee: Short sword       |    10 |       |       |       ||    10
         Mace              |       |    44 |    39 |       ||    83
         Club              |       |       |    29 |       ||    29
         Punch             |       |       |     1 |       ||     1
   Cast: Sandblast         |    56 |    45 |    88 |     6 ||   195
         Stone Arrow       |       |    11 |    75 |    22 ||   108
    Use: Scroll            |       |     5 |     7 |       ||    12
         Potion            |       |     1 |       |     1 ||     2
 Armour: Robe              |    16 |   128 |   132 |     6 ||   282
  Dodge: Dodged            |    16 |    97 |   101 |    10 ||   224
